 Dungeon Crawl Stone Soup version 0.31-a0-263-ge8cad7f256 (webtiles) character file.

Game seed: 3149361882050482816

55 qw the Shooter (level 3, -3/21 HPs)
             Began as a Gargoyle Hexslinger on July 13, 2023.
             Slain by an orc
             ... wielding a +0 flail
              (6 damage)
             ... on level 2 of the Dungeon.
             The game lasted 00:00:32 (1609 turns).

qw the Shooter (Gargoyle Hexslinger)                Turns: 1609, Time: 00:00:32

Health: -3/21      AC:  8    Str: 11    XL:     3   Next: 93%
Magic:  4/4        EV: 10    Int: 13    God:
Gold:   100        SH:  0    Dex: 14    Spells: 3/4 levels left

rFire   . . .        Y - +1 sling
rCold   . . .        (no shield)
rNeg    + . .        e - +0 ring mail
rPois   inf          (no helmet)
rElec   +            (no cloak)
rCorr   .            (no gloves)
SInv    .            (no boots)
Will    .....        (no amulet)
Stlth   +            (no ring)
HPRegen 0.23/turn    (no ring)
MPRegen 0.09/turn

%: no passive effects
@: no status effects
A: sickness immunity, AC +3, negative energy resistance 1, electricity
resistance, torment resistance 1, petrification resistance
a: no special abilities


You were on level 2 of the Dungeon.
You visited 1 branch of the dungeon, and saw 3 of its levels.

You collected 100 gold pieces.


Innate Abilities, Weirdness & Mutations

You are immune to sickness and miasma.
Your stone body is resilient. (AC +3)
You are immune to poison.
You resist negative energy. (rN+)
You are resistant to electric shocks. (rElec)
You are resistant to unholy torment.
You are immune to petrification.


   Skills:
 - Level 2.0 Fighting
 + Level 3.7 Ranged Weapons
 - Level 1.5 Dodging
 - Level 1.0 Spellcasting
 - Level 2.6 Hexes


You had 3 spell levels left.
You knew the following spells:

 Your Spells              Type           Power      Damage    Failure   Level
a - Slow                  Hex            28%        N/A       22%         1

Your spell library contained the following spells:

 Spells                   Type           Power      Damage    Failure   Level
 Inner Flame              Hex/Fire       4%         N/A       75%         3
 Portal Projectile        Hex/Tloc       8%         N/A       75%         3
 Cause Fear               Hex            3%         N/A       92%         4

Inventory:

Hand Weapons
 Y - a +1 sling (weapon)
Armour
 e - a +0 ring mail (worn)
Jewellery
 f - a ring of fire
Scrolls
 a - a scroll of identify
Potions
 b - a potion of ambrosia {unknown}
 i - a potion of cancellation {unknown}

Dungeon Overview and Level Annotations

Branches:
Dungeon (3/15)

Altars:


Message History

The orc is heavily wounded.
You shoot a sling bullet.
The sling bullet closely misses the orc.
The orc hits you but does no damage. x2
You shoot a sling bullet. The sling bullet hits the orc.
You kill the orc!
The orc hits you but does no damage.
You shoot a sling bullet. The sling bullet hits the worm.
The worm is lightly wounded.
The orc closely misses you. The worm closely misses you.
You shoot a sling bullet.
The sling bullet barely misses the worm.
The orc hits you with a +0 flail. The orc hits you but does no damage.
The worm closely misses you.
1605 ||| STAIRDANCE The orc misses you.
The orc hits you with a +0 flail.
You climb upwards.
There is a stone staircase leading down here.
Enter note:
Enter note:
Enter note:
Enter note:
Enter note:
Enter note:
Enter note:
Enter note:
Enter note: You shoot a sling bullet.
The sling bullet hits the worm!
The worm is heavily wounded.
The orc barely misses you. The orc hits you but does no damage.
The worm barely misses you. The orc hits you but does no damage.
The orc hits you with a +0 flail.
You shoot a sling bullet. The sling bullet hits the worm.
The worm is severely wounded.
The orc hits you but does no damage. The orc hits you with a +0 flail!
The worm completely misses you.
You shoot a sling bullet. The sling bullet hits the worm.
The worm is almost dead.
The orc barely misses you. The orc hits you with a +0 flail.
You die...

#############.#
.........<..#.#
########....#.###########
........................#
............#...........#
###########.#...........#
.=.....####.#...........#
######.####.#.......^...#
............'...@w......#
###########.#..o.o......#
..........#.#...........#
#########.#.####+###'####
.########.#.# #.# #.#
.########.#.# #.# #.# .#
#.#.# #.# #.# .# #.#.#
#.# #.# ## #.#.# #.# #.#


You could see a worm and 2 orcs.

Vanquished Creatures
  2 adders (D:2)
  An orc (D:3)
  2 ball pythons (D:2)
  3 endoplasms
  3 goblins (D:1)
  A hobgoblin (D:2)
  3 jackals (D:2)
  A quokka (D:2)
  5 bats
  3 frilled lizards
  5 kobolds
  8 rats
37 creatures vanquished.

Notes
Turn   | Place    | Note
-------+----------+-------------------------------------------
     0 | D:1      | qw the Gargoyle Hexslinger began the quest for the Orb.
     0 | D:1      | Reached XP level 1. HP: 12/12 MP: 2/2
     0 | D:1      | 0 ||| qw: Version: 0.3-a-52-g30416fa
     0 | D:1      | 0 ||| qw: Game counter: 7434
     0 | D:1      | 0 ||| qw: Melee chars always use a shield: true
     0 | D:1      | 0 ||| qw: God list: Okawaru
     0 | D:1      | 0 ||| qw: Allow faded altars: false
     0 | D:1      | 0 ||| qw: Do Orc after clearing Dungeon:15 true
     0 | D:1      | 0 ||| qw: Do second Lair branch before Depths: true
     0 | D:1      | 0 ||| qw: Lair rune preference: random
     0 | D:1      | 0 ||| qw: Goals: Normal
     0 | D:1      | 0 ||| PLANNING D:1-11
   160 | D:1      | Reached XP level 2. HP: 16/16 MP: 3/3
   262 | D:1      | You fall into a shaft and drop 1 floor!
   275 | D:2      | Reached skill level 3 in Ranged Weapons
   445 | D:2      | 445 ||| UPGRADING to +0 leather armour.
   455 | D:2      | 455 ||| DROPPING +0 robe.
   456 | D:2      | 456 ||| READING 2 scrolls labelled GUYVUS PUEMAB.
   457 | D:2      | 457 ||| READING scroll labelled WOEXAG HATZOST.
   458 | D:2      | 458 ||| DRINKING 2 silvery potions.
   459 | D:2      | 459 ||| DROPPING scroll of poison.
   460 | D:2      | 460 ||| DROPPING potion of brilliance.
   504 | D:1      | Reached XP level 3. HP: 20/20 MP: 4/4
   688 | D:1      | Found a faded altar of an unknown god.
  1119 | D:2      | Identified the +10 chain mail "Wyemof" {+Inv rF- Will+
                  | Int+3}
  1569 | D:2      | 1569 ||| UPGRADING to +0 ring mail.
  1579 | D:2      | 1579 ||| DROPPING +0 leather armour.
  1580 | D:2      | 1580 ||| DROPPING ring of wizardry.
  1581 | D:2      | 1581 ||| READING scroll labelled PAUMIDD RUCZA.
  1600 | D:3      | 1600 ||| PLANNING SEWER
  1605 | D:3      | 1605 ||| STAIRDANCE
  1608 | D:2      | HP: 3/21 [orc/+0 flail (7)]
  1609 | D:2      | Slain by an orc

Levels and vault maps discovered:
D:1:      minmay_arrival_checkered_box, layout_loops_ring,
          shapermc_ecumenical_altar_flowoftime
D:2:      layout_basic
D:3:      layout_rooms, bloody_trog, gup_sewer_entry_spiral,
          lexackson_kobold_supper

Skill      XL: |  1  2  3 |
---------------+----------+-----
Ranged Weapons | 3 |  3.7
Fighting       | 2 |  2.0
Dodging        | |  1.5
Spellcasting   | |  1.0
Hexes          | |  2.6

Action                     || total
---------------------------++-------
   Fire: Sling             ||   131
    Use: Scroll            ||     3
         Potion            ||     1
 Armour: Robe              ||    14
         Leather armour    ||    23
         Ring mail         ||     7
  Dodge: Dodged            ||    60

Table legend:
 A = Non-vault XP
 B = Vault XP
 C = Vault XP percentage of total XP
 D = Non-vault monster count
 E = Vault monster count
 F = Vault count percentage of total count
                 A         B        C        D         E       F
            +---------+---------+-------+---------+---------+-------
      Total |      79 |       0 |   0.0 |      37 |       0 |   0.0
            +---------+---------+-------+---------+---------+-------
        D:1 |      25 |       0 |   0.0 |      19 |       0 |   0.0
        D:2 |      51 |       0 |   0.0 |      17 |       0 |   0.0
        D:3 |       3 |       0 |   0.0 |       1 |       0 |   0.0
            +---------+---------+-------+---------+---------+-------
